 Dungeon Crawl Stone Soup version 0.16.2-12-gd0ad4c3 (webtiles) character file.

40259 faibistes the Thaumaturge (level 13, -18/75 HPs)
             Began as a Deep Elf Wizard on Mar 23, 2018.
             Was a High Priest of Sif Muna.
             Engulfed by a cloud of flame (19 damage)
             ... on level 8 of the Lair of Beasts.
             The game lasted 01:36:42 (32555 turns).

faibistes the Thaumaturge (Deep Elf Wizard)        Turns: 32555, Time: 01:36:43

Health: -18/75     AC:  6    Str:  7    XL:     13   Next: 73%
Magic:  34/59      EV: 15    Int: 29    God:    Sif Muna [*****.]
Gold:   1600       SH:  0    Dex:  9    Spells: 11 memorised, 0 levels left

rFire  . . .     SeeInvis .     w - staff of power
rCold  . . .     Clarity  .     a - +0 robe
rNeg   . . .     SustAb   .     (no shield)
rPois  .         Gourm    .     b - +0 hat
rElec  +         Spirit   .     s - +1 cloak
rCorr  .         Warding  .     Q - +1 pair of gloves
rMut   .         Stasis   .     (no boots)
MR     ++...                    (no amulet)
Stlth  ++........               L - ring of Plosazaa {Wiz rElec MR+ Str+3 Dex-4}
                                A - ring of magical power

@: deflect missiles, very resistant to hostile enchantments, unstealthy
A: no striking features
a: Channel Energy, Forget Spell, Renounce Religion


You were on level 8 of the Lair of Beasts.
You worshipped Sif Muna.
Sif Muna was extremely pleased with you.
You were not hungry.

You visited 3 branches of the dungeon, and saw 20 of its levels.

You collected 1600 gold pieces.

Inventory:

Hand weapons
 e - a +3 hand axe of venom
 W - the +7 trident of False Accusations {venom, Noisy +Rage rN+}
   (You found it on level 1 of the Lair of Beasts)

   It poisons the flesh of those it strikes.
   It protects you from negative energy.
   It lets you go berserk.
   It may make noises in combat.
Armour
 a - a +0 robe (worn)
 b - a +0 hat (worn)
 s - a +1 cloak (worn)
 Q - a +1 pair of gloves (worn)
Magical staves
 w - an uncursed staff of power (weapon)
Rods
 B - a +0 iron rod (12/12)
   (You found it on level 6 of the Dungeon)
 T - a +0 rod of clouds (10/10)
   (You found it on level 10 of the Dungeon)
Jewellery
 A - a ring of magical power (left hand)
 E - an uncursed amulet of stasis
 F - an uncursed ring of poison resistance
 L - the ring of Plosazaa (right hand) {Wiz rElec MR+ Str+3 Dex-4}
   (You found it on level 9 of the Dungeon)

   [ring of wizardry]

   It improves your spell success rate.
   It affects your strength (+3).
   It affects your dexterity (-4).
   It insulates you from electricity.
   It affects your resistance to hostile enchantments.
Magical devices
 l - a wand of polymorph (12)
 D - a wand of slowing (23)
 M - a wand of digging (9)
 O - a wand of lightning (7)
 S - a wand of fire (7)
 X - a wand of lightning (1)
 Y - a wand of flame (23)
 Z - a wand of digging (14)
Scrolls
 c - a scroll of holy word
 g - 6 scrolls of teleportation
 h - 13 scrolls of remove curse
 k - 5 scrolls of fog
 o - 6 scrolls of magic mapping
 C - a scroll of recharging
 K - a scroll of fear
Potions
 j - a potion of might
 m - 5 potions of brilliance
 n - a potion of lignification
 p - a potion of ambrosia
 q - 4 potions of invisibility
 r - 4 potions of restore abilities
 t - 3 potions of resistance
 u - 3 potions of cure mutation
 x - 7 potions of curing
 z - 3 potions of heal wounds
 J - a potion of magic
 N - 3 potions of flight
 U - a potion of poison {unknown}
 V - 2 potions of cancellation
Comestibles
 d - 13 bread rations
 f - 21 fruits
 H - 6 meat rations


   Skills:
 + Level 6.4 Fighting
 + Level 9.4 Dodging
 - Level 2.4 Stealth
 * Level 13.9 Spellcasting
 * Level 8.9 Conjurations
 * Level 7.2 Charms
 - Level 4.1 Summonings
 - Level 3.1 Necromancy
 - Level 7.0 Translocations
 * Level 8.8 Fire Magic
 - Level 5.2 Air Magic
 - Level 2.6 Poison Magic
 * Level 8.8 Invocations
 + Level 7.5 Evocations


You couldn't memorise any spells.
You knew the following spells:

 Your Spells              Type           Power        Failure   Level  Hunger
a - Airstrike             Air            ######....   1%          4    None
b - Conjure Flame         Conj/Fire      ######..     1%          3    None
c - Summon Lightning Spi  Summ/Air       #####...     1%          4    None
d - Blink                 Tloc           N/A          1%          2    None
e - Mephitic Cloud        Conj/Pois/Air  ######..     1%          3    None
f - Deflect Missiles      Chrm/Air       ######....   14%         6    ####...
g - Magic Dart            Conj           ####         1%          1    None
h - Haste                 Chrm           ######..     9%          6    ####...
i - Animate Dead          Necr           N/A          4%          4    None
j - Apportation           Tloc           ######....   1%          1    None
k - Iskenderun's Battles  Conj/Chrm      ######..     1%          5    None


Dungeon Overview and Level Annotations

Branches:
Dungeon (11/15)            Temple (1/1) D:4            Lair (8/8) D:10
 Shoals (0/5) Lair:5        Snake (0/5) Lair:3        Slime (0/6) Lair:7
    Orc: D:9-12

Altars:
Ashenzari
Cheibriados
Dithmenos
Elyvilon
Fedhas
Gozag
Kikubaaqudgha
Makhleb
Nemelex Xobeh
Okawaru
Qazlal
Ru
Sif Muna
Trog
Vehumet
Xom
Yredelemnul
Zin
The Shining One
Jiyva


Message History

The elephant tramples your battlesphere!!
Your battlesphere holds its ground!
The elephant trunk-slaps your battlesphere.
Your battlesphere is destroyed!
Casting: Airstrike
Confirm with . or Enter, or press ? or * to list all spells.
Aiming: Mephitic Cloud
Press: ? - help, Shift-Dir - straight line, p - elephant The ball explodes into a vile cloud!
The stinking cloud engulfs the elephant.
The elephant is severely wounded.
The elephant is engulfed in noxious fumes.
The elephant tramples you!
* * * LOW HITPOINT WARNING * * *
You stumble backwards!
The elephant is engulfed in roaring flames.
Casting: Mephitic Cloud
Confirm with . or Enter, or press ? or * to list all spells.
You blink.
You are engulfed in roaring flames.
You die...

##...#....##..... ..
#....#.............?.
#...##..P............
##P...#.........PP...
#...##........PPPP..
##..##.........PPPPP.
#.Y§##............PP.
#.PY##..........##P..
##§§@##..........#...
#..§§##...........Y..
#.§.§...........P....
##..Y............Y...
#..§................
###.....#....##...#P
#.#.#########.####
##### ### #


You could see 3 elephants.

Vanquished Creatures
  The ghost of faibistes the Thaumaturge, a powerful DEWz of Sif Muna (Lair:6)
  3 hydras
  2 death yaks (Lair:6)
  Nergalle (Lair:4)
  Pikel (D:4)
  A griffon (Lair:5)
  A hill giant (D:7)
  A manticore (Lair:5)
  3 black mambas
  10 elephants
  A cyclops (D:11)
  A gargoyle (D:11)
  A queen ant (Lair:4)
  2 torpor snails (Lair:6)
  10 spiny frogs
  A fire drake (Lair:4)
  A centaur skeleton (D:11)
  A troll (D:9)
  2 komodo dragons
  A two-headed ogre (D:10)
  5 blink frogs
  3 basilisks
  27 yaks
  2 spriggans
  2 steam dragons
  A water elemental (D:11)
  A deep elf mage (D:9)
  10 hippogriffs
  A hog (D:10)
  5 soldier ants (Lair:4)
  3 wargs (D:10)
  14 water moccasins
  12 wolves
  A wyvern (D:10)
  3 ice beasts
  6 porcupines
  Purgy (D:4)
  A black bear (Lair:4)
  2 spiders (Lair:8)
  An eye of draining (D:10)
  5 ogres
  4 wasps
  3 sky beasts
  3 phantoms
  6 orc warriors
  A slave (D:4)
  2 centaurs
  4 crocodiles
  Duvessa (D:4)
  A big kobold (D:10)
  13 giant frogs
  Blork the orc (D:7)
  3 scorpions
  3 killer bees (D:10)
  4 electric eels
  A lightning spire (Lair:7)
  4 crimson imps
  2 goliath beetles (D:7)
  13 wights
  6 orc priests
  Dowan (D:4)
  2 giant frog zombies
  Crazy Yiuf (D:7)
  A jelly (D:7)
  10 hounds
  A giant frog skeleton (D:7)
  9 iguanas
  5 sheep
  A killer bee zombie (D:8)
  18 orc wizards
  23 worker ants
  A hound skeleton (D:5)
  A worker ant zombie (D:6)
  Robin (D:3)
  29 adders
  3 gnolls (D:6)
  58 river rats
  4 shadow imps
  A worm (D:3)
  3 giant mites
  An adder skeleton (D:4)
  5 giant geckos
  4 oozes
  43 orcs
  A ball python (D:4)
  2 bat skeletons (D:5)
  6 giant cockroaches
  20 goblins
  17 hobgoblins
  11 jackals
  19 kobolds
  A river rat zombie (Lair:6)
  20 bats
  3 giant newts
  A giant spore (D:10)
  10 quokkas
  A quokka zombie (D:5)
  14 rats
  A river rat skeleton (Lair:6)
  A ballistomycete (D:10)
  2 plants
582 creatures vanquished.

Vanquished Creatures (collateral kills)
  Harold (Lair:7)
  2 hydras
  2 elephants
  A black mamba (Lair:7)
  4 spiny frogs
  2 torpor snails
  A komodo dragon (Lair:6)
  A polar bear (Lair:4)
  3 blink frogs (Lair:8)
  4 yaks
  A hippogriff (Lair:8)
  3 wolves (Lair:7)
  2 soldier ants (Lair:4)
  A water moccasin (Lair:8)
  A spider (Lair:7)
  2 crocodiles
  A wasp (Lair:8)
  An iguana (D:4)
  8 worker ants (Lair:4)
  A sheep (Lair:7)
  An adder (Lair:8)
  16 river rats
  8 fungi (Lair:7)
  6 plants
73 creatures vanquished.

Vanquished Creatures (others)
  A human zombie (Lair:7)
  2 spiny frog zombies (Lair:8)
  3 elephant zombies
  6 lightning spires
  A water moccasin zombie (Lair:8)
  A hippogriff zombie (Lair:8)
  A wolf zombie (Lair:7)
  A worker ant (D:4)
  An adder zombie (Lair:8)
  An orc (D:4)
  2 quokkas (D:9)
  2 river rat zombies (Lair:7)
  A bat (D:4)
  A kobold (D:11)
  A bush (Lair:4)
  36 fungi
  24 plants
85 creatures vanquished.

Grand Total: 740 creatures vanquished

Notes
Turn   | Place    | Note
--------------------------------------------------------------
     0 | D:1      | faibistes, the Deep Elf Wizard, began the quest for the Orb.
     0 | D:1      | Reached XP level 1. HP: 10/10 MP: 6/6
   420 | D:1      | Reached XP level 2. HP: 15/15 MP: 3/9
   475 | D:1      | Learned a level 2 spell: Blink
   478 | D:1      | Learned a level 2 spell: Call Imp
  1135 | D:2      | Reached XP level 3. HP: 19/19 MP: 10/13
  1140 | D:2      | Learned a level 3 spell: Conjure Flame
  1144 | D:2      | Learned a level 3 spell: Mephitic Cloud
  1386 | D:2      | Reached skill level 5 in Spellcasting
  2171 | D:2      | Reached XP level 4. HP: 7/24 MP: 6/17
  2359 | D:2      | Learned a level 2 spell: Repel Missiles
  2875 | D:3      | Noticed Robin
  3081 | D:3      | Killed Robin
  3361 | D:3      | Reached XP level 5. HP: 28/28 MP: 7/20
  3849 | D:4      | Found a shattered altar of Ashenzari.
  3863 | D:4      | Reached skill level 6 in Spellcasting
  3960 | D:4      | Found a staircase to the Ecumenical Temple.
  3967 | Temple   | Entered the Ecumenical Temple
  4102 | D:4      | Noticed Pikel
  4103 | D:4      | Noticed a slave
  4103 | D:4      | Noticed a slave
  4127 | D:4      | Killed a slave
  4131 | D:4      | Noticed a slave
  4133 | D:4      | Noticed a slave
  4246 | D:4      | Killed Pikel
  4246 | D:4      | Reached skill level 7 in Spellcasting
  4246 | D:4      | Reached XP level 6. HP: 19/32 MP: 12/23
  4246 | D:4      | Reached XP level 7. HP: 21/36 MP: 13/25
  4597 | D:4      | Noticed Dowan
  4599 | D:4      | Noticed Duvessa
  4609 | D:4      | Killed Dowan
  4967 | D:4      | Noticed a sky beast
  4973 | D:4      | Killed a sky beast
  4973 | D:4      | Reached skill level 1 in Fighting
  4973 | D:4      | Reached skill level 5 in Dodging
  4973 | D:4      | Reached skill level 8 in Spellcasting
  4989 | D:4      | Killed Duvessa
  4989 | D:4      | Reached skill level 1 in Evocations
  5080 | D:4      | Noticed Purgy
  5096 | D:4      | Killed Purgy
  5334 | D:4      | Found a stormy altar of Qazlal.
  5403 | D:5      | Entered Level 5 of the Dungeon
  5422 | D:4      | Reached XP level 8. HP: 34/45 MP: 7/27
  5522 | D:5      | Found a bloodstained altar of Trog.
  6205 | D:6      | Reached skill level 9 in Spellcasting
  7325 | D:5      | Found a glowing silver altar of Zin.
  7325 | D:5      | Found a deep blue altar of Sif Muna.
  7326 | D:5      | Found an iron altar of Okawaru.
  7333 | D:5      | Became a worshipper of Sif Muna the Loreminder
  7467 | D:6      | Reached skill level 1 in Air Magic
  7516 | D:6      | Reached skill level 1 in Fire Magic
  8168 | D:6      | Reached XP level 9. HP: 52/52 MP: 28/30
  8330 | D:6      | Reached skill level 1 in Poison Magic
  8649 | D:6      | Acquired Sif Muna's first power
  8711 | D:7      | Reached skill level 10 in Spellcasting
  8991 | D:7      | Noticed Blork the orc
  9009 | D:7      | Killed Blork the orc
 10111 | D:7      | Acquired Sif Muna's second power
 10344 | D:7      | Noticed a hill giant
 10360 | D:7      | Killed a hill giant
 10360 | D:7      | Reached skill level 5 in Conjurations
 10860 | D:7      | Noticed Crazy Yiuf
 10866 | D:7      | Killed Crazy Yiuf
 11507 | D:8      | Reached XP level 10. HP: 54/56 MP: 32/32
 11830 | D:8      | Learned a level 4 spell: Airstrike
 11989 | D:9      | Got a transparent iron ring
 12047 | D:8      | Identified the ring of Plosazaa {Wiz rElec MR+ Str+3 Dex-4} (You found it on level 9 of the Dungeon)
 12186 | D:8      | Reached skill level 11 in Spellcasting
 12647 | D:8      | Reached skill level 1 in Invocations
 12818 | D:9      | Reached skill level 1 in Charms
 13187 | D:10     | Entered Level 10 of the Dungeon
 13225 | D:9      | Identified a +0 rod of clouds (10/10) (You found it on level 10 of the Dungeon)
 13686 | D:9      | Found a white marble altar of Elyvilon.
 14370 | D:11     | Noticed a cyclops
 14913 | D:11     | Acquired Sif Muna's third power
 14913 | D:11     | Reached skill level 5 in Fire Magic
 14913 | D:11     | Reached skill level 5 in Air Magic
 14930 | D:11     | Killed a cyclops
 14930 | D:11     | Reached XP level 11. HP: 45/62 MP: 4/33
 15331 | D:10     | Found a staircase to the Lair.
 15637 | D:10     | Found a sacrificial altar of Ru.
 16764 | D:10     | Reached skill level 5 in Translocations
 16969 | Lair:1   | Entered Level 1 of the Lair of Beasts
 17077 | Lair:1   | Learned a level 1 spell: Apportation
 17604 | Lair:1   | Got a translucent trident
 17605 | Lair:1   | Identified the +7 trident of False Accusations {venom, Noisy +Rage rN+} (You found it on level 1 of the Lair of Beasts)
 17780 | Lair:3   | Noticed a seven-headed hydra
 17788 | Lair:3   | Noticed a spriggan rider
 17789 | Lair:3   | Killed a seven-headed hydra
 17789 | Lair:3   | Reached skill level 5 in Evocations
 17790 | Lair:3   | Killed a wasp
 17792 | Lair:3   | Killed a spriggan
 18076 | Lair:1   | Reached skill level 12 in Spellcasting
 18475 | Lair:1   | Reached skill level 5 in Invocations
 18478 | Lair:1   | Reached skill level 5 in Fighting
 18929 | Lair:3   | Found a staircase to the Snake Pit.
 20944 | Lair:4   | Noticed Nergalle
 20968 | Lair:4   | Killed Nergalle
 21391 | Lair:3   | Reached skill level 5 in Charms
 21391 | Lair:3   | Reached XP level 12. HP: 14/68 MP: 25/35
 23349 | Lair:2   | Learned a level 6 spell: Deflect Missiles
 23882 | Lair:4   | Noticed a four-headed hydra
 24121 | Lair:4   | Reached skill level 13 in Spellcasting
 24146 | Lair:4   | Received a gift from Sif Muna
 24147 | Lair:4   | Identified Sif Muna's Incunabulum of Aerial Confrontation (Sif Muna gifted it to you on level 4 of the Lair of Beasts)
 24185 | Lair:4   | Learned a level 4 spell: Summon Lightning Spire
 24683 | Lair:4   | Noticed a seven-headed hydra
 24692 | Lair:4   | Killed a seven-headed hydra
 24723 | Lair:4   | Killed a four-headed hydra
 24921 | Lair:5   | Found a staircase to the Shoals.
 25278 | Lair:6   | Noticed faibistes' ghost (powerful DEWz)
 25288 | Lair:6   | Killed faibistes' ghost
 27003 | Lair:6   | Reached XP level 13. HP: 60/74 MP: 36/36
 27852 | Lair:6   | Found a runed door.
 28274 | Lair:6   | Noticed a four-headed hydra
 28279 | Lair:6   | Killed a four-headed hydra
 28372 | Lair:6   | Identified the Volume of Stolen Souls
 28378 | Lair:6   | Learned a level 4 spell: Animate Dead
 28938 | Lair:7   | Reached skill level 1 in Necromancy
 29098 | Lair:7   | Noticed Harold
 29104 | Lair:7   | Noticed a six-headed hydra
 29136 | Lair:7   | Killed a six-headed hydra
 29205 | Lair:7   | Killed Harold
 29549 | Lair:8   | Entered Level 8 of the Lair of Beasts
 30059 | Lair:7   | Found a viscous altar of Jiyva.
 30060 | Lair:7   | Found a staircase to the Slime Pits.
 30171 | Lair:8   | Received a gift from Sif Muna
 30173 | Lair:8   | Identified Prumpum's Reference Book on Dark Aid (Sif Muna gifted it to you on level 8 of the Lair of Beasts)
 30186 | Lair:8   | Learned a level 5 spell: Iskenderun's Battlesphere
 31574 | Lair:2   | Learned a level 6 spell: Haste
 32223 | Lair:7   | Your ally Harold died
 32554 | Lair:8   | HP: 1/75 [elephant (13)]
 32555 | Lair:8   | Engulfed by a cloud of flame

Action                   |  1- 3 |  4- 6 |  7- 9 | 10-12 | 13-15 || total
-------------------------+-------+-------+-------+-------+-------++-------
Melee: Unarmed           |     5 |       |       |       |       ||     5
       Club              |     1 |       |       |       |       ||     1
       Dagger            |     5 |    16 |    45 |       |       ||    66
       Hand axe          |       |       |    16 |    18 |       ||    34
       Short sword       |       |       |     6 |   157 |       ||   163
       Staff             |       |       |       |    22 |     1 ||    23
       Trident           |       |       |       |     1 |       ||     1
 Cast: Magic Dart        |   100 |    55 |   413 |   325 |     7 ||   900
       Mephitic Cloud    |     3 |     9 |    36 |    67 |    14 ||   129
       Blink             |     3 |     2 |    10 |    25 |    15 ||    55
       Conjure Flame     |     1 |    11 |    50 |    66 |    32 ||   160
       Repel Missiles    |       |     2 |     1 |     1 |       ||     4
       Call Imp          |       |       |     1 |       |       ||     1
       Airstrike         |       |       |       |   388 |   188 ||   576
       Apportation       |       |       |       |     3 |       ||     3
       Summon Lightning  |       |       |       |    14 |    18 ||    32
       Deflect Missiles  |       |       |       |     1 |     1 ||     2
       Animate Dead      |       |       |       |       |    16 ||    16
       Iskenderun's Batt |       |       |       |       |     4 ||     4
       Haste             |       |       |       |       |     1 ||     1
Invok: Channel Energy    |       |       |       |    45 |    12 ||    57
       Forget Spell      |       |       |       |       |     1 ||     1
Evoke: Wand              |       |       |       |    12 |     2 ||    14
       Rod               |       |       |       |     3 |       ||     3
  Use: Scroll            |       |     7 |     5 |    14 |     9 ||    35
       Potion            |       |       |       |       |     5 ||     5
 Stab: Confused          |     1 |     1 |     1 |    15 |       ||    18
       Distracted        |       |     1 |       |       |       ||     1
       Sleeping          |       |       |     1 |     1 |       ||     2
  Eat: Chunk             |     3 |     6 |    19 |    37 |    13 ||    78
       Bread ration      |       |     1 |       |     4 |       ||     5
       Fruit             |       |       |       |     3 |     3 ||     6
       Royal jelly       |       |       |       |     1 |       ||     1
       Pizza             |       |       |       |       |     2 ||     2
       Beef jerky        |       |       |       |       |     1 ||     1
